 Dungeon Crawl Stone Soup version 0.18-b1-22-ge198996 (webtiles) character file.

109 varam the Ruffian (level 4, 0/40 HPs)
             Began as a Troll Transmuter on May 3, 2016.
             Slain by Grinder (6 damage)
             ... on level 2 of the Dungeon.
             The game lasted 00:05:37 (2325 turns).

varam the Ruffian (Troll Transmuter)                Turns: 2325, Time: 00:05:39

Health: 0/40       AC:  5    Str: 19    XL:     4   Next: 59%
Magic:  5/6        EV:  9    Int:  9    God:
Gold:   60         SH:  0    Dex: 10    Spells: 2 memorised, 4 levels left

rFire  + . .     SeeInvis .       - Unarmed
rCold  . . .     Gourm    +     b - +0 robe
rNeg   . . .     Faith    .     (no shield)
rPois  .         Spirit   .     (helmet restricted)
rElec  .         Dismiss  .     (no cloak)
rCorr  .         Reflect  .     (gloves unavailable)
SustAt .         Harm     .     (boots unavailable)
MR     .....                    (no amulet)
Stlth  ++........               q - ring of stealth
                                i - ring of protection from fire

@: appendage (expiring), not resistant to hostile enchantments, unstealthy
A: unfitting armour, claws 3, horns 2, fast metabolism 3, gourmand, regeneration
2, shaggy fur 1, tough skin 2
a: End Transformation


You were on level 2 of the Dungeon.
You were very full.
You had grown temporary horns.
You visited 1 branch of the dungeon, and saw 3 of its levels.

You collected 60 gold pieces.

Inventory:

Missiles
 a - 62 arrows
Armour
 b - a +0 robe (worn)
 j - a +2 shield
Jewellery
 i - a ring of protection from fire (left claw)
 q - a ring of stealth (right claw)
Scrolls
 f - a scroll of magic mapping {unknown}
 h - a scroll of random uselessness {unknown}
 k - 2 scrolls of enchant weapon {unknown}
 m - 2 scrolls of identify {unknown}
 r - a scroll of teleportation {unknown}
Potions
 e - a potion of agility {unknown}
 n - a potion of flight {unknown}
 o - 2 potions of heal wounds {unknown}
 p - a potion of mutation {unknown}
Books
 c - a book of Changes

   Spells                             Type                      Level
   a - Beastly Appendage              Transmutation                1
   b - Sticks to Snakes               Transmutation                2
   c - Spider Form                    Transmutation/Poison         3
   d - Ice Form                       Ice/Transmutation            4
   e - Blade Hands                    Transmutation                5
Comestibles
 d - 3 bread rations
 l - a meat ration


   Skills:
 - Level 0.7 Fighting
 - Level 1.5 Dodging
 - Level 3.8 Unarmed Combat
 + Level 2.1 Spellcasting
 - Level 2.3 Transmutations


You had 4 spell levels left.
You knew the following spells:

 Your Spells              Type           Power        Failure   Level  Hunger
a - Beastly Appendage     Trmt           #.....       14%         1    ##.....
b - Sticks to Snakes      Trmt           #.......     21%         2    ###....


Dungeon Overview and Level Annotations

Branches:
Dungeon (3/15)

Altars:
Elyvilon
Vehumet

Annotations:
D:2 Grinder


Innate Abilities, Weirdness & Mutations

You are too large for most types of armour.
You have claws for hands.
Your metabolism is lightning-fast.
You like to eat raw meat.
You heal very quickly.
You are covered in fur (AC +1).
You have very tough skin (AC +2).
You have a pair of horns on your head.


Message History

Confirm with . or Enter, or press ? or * to list all spells.
You grow a pair of large bovine horns.
Grinder closely misses you.
You claw Grinder!
Grinder is lightly wounded.
Grinder hits you.
You writhe in agony.
You closely miss Grinder.
Grinder is lightly wounded.
Grinder gestures at you. Pain shoots through your body!
You scratch Grinder. You headbutt Grinder!
Grinder is moderately wounded.
Grinder hits you.
You writhe in agony.
You claw Grinder! You headbutt Grinder.
Grinder is severely wounded.
Your transformation is almost over.
Grinder hits you!
* * * LOW HITPOINT WARNING * * *
You writhe in agony.
You die...

.# #...# #.# #.# .#
#.5.# #.# #.# .# ###.#
#.# #.####### .#
#.###.#####.......# .#
#.#...#.....#####.# .##
######.#.###.###.# #.#
..# #......#.###...#.#
#.# ..#
#......#.....#.#.# #.#
#.#
#.......5@..<....#####.#
..#
#.......######.#.......#
###
#........#............##
#........#.####..####.#
#........#.####..# #.#
#........#.#.....# #.#
#........#...).#.####.#
#........###.#.#...##.#
##########...#.###.##.#


You could see Grinder.

Vanquished Creatures
  Terence (D:2)
  An orc wizard (D:3)
  3 adders
  3 orcs
  2 giant cockroaches (D:1)
  4 hobgoblins
  A quokka (D:2)
  3 bats (D:1)
  3 goblins (D:2)
  3 kobolds
  5 rats
29 creatures vanquished.

Notes
Turn   | Place    | Note
--------------------------------------------------------------
     0 | D:1      | varam the Troll Transmuter began the quest for the Orb.
     0 | D:1      | Reached XP level 1. HP: 18/18 MP: 1/1
   576 | D:1      | Reached XP level 2. HP: 26/26 MP: 0/3
   706 | D:1      | Learned a level 2 spell: Sticks to Snakes
   810 | D:2      | Found a radiant altar of Vehumet.
   826 | D:2      | Noticed Terence
   841 | D:2      | Killed Terence
   841 | D:2      | Reached XP level 3. HP: 23/32 MP: 2/4
  1147 | D:2      | Found a white marble altar of Elyvilon.
  1497 | D:3      | Reached XP level 4. HP: 39/40 MP: 3/5
  1523 | D:3      | Noticed Grinder
  2035 | D:3      | Paralysed by Grinder for 3 turns
  2050 | D:2      | Paralysed by Grinder for 4 turns
  2308 | D:2      | Paralysed by Grinder for 4 turns
  2314 | D:2      | Paralysed by Grinder for 4 turns
  2325 | D:2      | Slain by Grinder

Skill      XL: |  1  2  3  4 |
---------------+-------------+-----
Transmutations | 2 |  2.3
Spellcasting   | 2 |  2.1
Fighting       | |  0.7
Dodging        | |  1.5
Unarmed Combat | |  3.8

Action                   |  1- 3 |  4- 6 || total
-------------------------+-------+-------++-------
Melee: Unarmed           |    55 |    39 ||    94
       Kick              |     1 |       ||     1
       Punch             |     1 |       ||     1
       Headbutt          |       |     4 ||     4
 Cast: Beastly Appendage |     6 |     5 ||    11
  Eat: Chunk             |    12 |     3 ||    15
       Meat ration       |       |     2 ||     2
       Royal jelly       |       |     1 ||     1
Armor: Robe              |    17 |     6 ||    23
Dodge: Dodged            |    17 |    10 ||    27
Block: Shield            |    18 |    17 ||    35
